PBL
BOSTON RED SOX @ MINNESOTA TWINS
08/01/2071
 
TOP OF THE 1ST
Boston Red Sox batting - Pitching for Minnesota Twins : LHP Jake Meacha
Pitching: LHP Jake Meacha
Batting: SHB Tracy Bryant 0-0: Called Strike
0-1: Swinging Strike
0-2: Strikes out swinging
Batting: RHB Tony Pacheco 0-0: Swinging Strike
0-1: Ball
1-1: Foul Ball, location: 5SF
1-2: Strikes out swinging
Batting: RHB Dwight Vogel 0-0: Ball
1-0: Ball
2-0: Foul Ball, location: 7LDF
2-1: Foul Ball, location: 2F
2-2: Ball
3-2: Foul Ball, location: 2F
3-2: Foul Ball, location: 9LDF
3-2: Fly out, F7 (Flyball, 7S, EV 97.5 MPH)
Top of the 1st over - 0 runs, 0 hits, 0 errors, 0 left on base; Boston 0 - Minnesota 0
BOTTOM OF THE 1ST
Minnesota Twins batting - Pitching for Boston Red Sox : LHP José Ríos
Pitching: LHP José Ríos
Batting: RHB Michael Crouss 0-0: Ball
1-0: Fly out, F8 (Flyball, 8RM, EV 81.3 MPH)
Batting: RHB Jamal Cervantes 0-0: Called Strike
0-1: Called Strike
0-2: Ball
1-2: Ball
2-2: Strikes out looking
Batting: LHB Geoffrey Foster 0-0: Ball
1-0: Foul Ball, location: 2F
1-1: Ball
2-1: Foul Ball, location: 7LMF
2-2: Ball
3-2: Foul Ball, location: 5FF
3-2: Foul Ball, location: 2F
3-2: Foul Ball, location: 2F
3-2: Ground out U3 (Groundball, 34, EV 85.0 MPH)
Bottom of the 1st over - 0 runs, 0 hits, 0 errors, 0 left on base; Boston 0 - Minnesota 0
TOP OF THE 2ND
Boston Red Sox batting - Pitching for Minnesota Twins : LHP Jake Meacha
Batting: RHB Juan Mendoza 0-0: Ball
1-0: Foul Ball, location: 9LDF
1-1: DOUBLE (Line Drive, 89XD, EV 107.5 MPH)
Batting: RHB Norman Ruíz 0-0: Foul Ball, location: 2F
0-1: Called Strike
0-2: Hit by Pitch
Batting: RHB Arturo Torres 0-0: Called Strike
0-1: Ball
1-1: DOUBLE (Line Drive, 9LM, EV 100.0 MPH)
Juan Mendoza scores
Norman Ruíz to third
Batting: RHB José Garza 0-0: Foul Ball, location: 5FF
0-1: Ball
1-1: SINGLE (Groundball, 13, EV 67.5 MPH) (infield hit)
Batting: RHB Clay Campeau 0-0: Ball
1-0: Called Strike
1-1: Fly out, F3 (Popup, 3SF, EV 75.6 MPH)
Batting: RHB Gustavo Santos 0-0: Ball
Balk!
Norman Ruíz scores
Arturo Torres to third
José Garza to second
1-0: SINGLE (Line Drive, 89S, EV 110.6 MPH)
Arturo Torres scores
José Garza to third
Batting: SHB Tracy Bryant 0-0: Ball
1-0: Foul Ball, location: 2RF
1-1: Swinging Strike
1-2: Foul Ball, location: 2RF
1-2: Foul Ball, location: 25F
1-2: Ball
2-2: Fielders Choice at 2nd, 4-6 (Groundball, 34, EV 90.6 MPH)
José Garza scores
Batting: RHB Tony Pacheco 0-0: Called Strike
0-1: Hit by Pitch
Tracy Bryant to second
Batting: RHB Dwight Vogel 0-0: Foul Ball, location: 2RF
0-1: Ball
1-1: Fly out, F9 (Flyball, 89D, EV 89.4 MPH)
Top of the 2nd over - 4 runs, 4 hits, 0 errors, 2 left on base; Boston 4 - Minnesota 0
BOTTOM OF THE 2ND
Minnesota Twins batting - Pitching for Boston Red Sox : LHP José Ríos
Now at 2B: Pedro Maldonado
Now at SS: Tracy Bryant
Batting: RHB Rafael Negrete 0-0: Hit by Pitch
Batting: SHB Alfredo Aguirre 0-0: Called Strike
0-1: Foul Ball, location: 9LSF
0-2: Fielders Choice at 2nd, 5-4 (Groundball, 56, EV 82.5 MPH)
Batting: RHB Ronald Livingston 0-0: Foul Ball, location: 3FF
0-1: Foul Ball, location: 3F
0-2: Ball
1-2: Ball
Wild Pitch!
Alfredo Aguirre to second
2-2: Ball
3-2: Base on Balls
Batting: LHB António Sandoval 0-0: Fly out, F8 (Flyball, 8RM, EV 97.5 MPH)
Batting: RHB Britt Clark 0-0: Ball
1-0: Ball
2-0: Foul Ball, location: 3DF
2-1: Ball
3-1: Foul Ball, location: 5FF
3-2: Foul Ball, location: 25FF
3-2: Foul Ball, location: 3F
3-2: Strikes out swinging
Bottom of the 2nd over - 0 runs, 0 hits, 0 errors, 2 left on base; Boston 4 - Minnesota 0
TOP OF THE 3RD
Boston Red Sox batting - Pitching for Minnesota Twins : LHP Jake Meacha
Batting: RHB Juan Mendoza 0-0: Ball
1-0: Ball
2-0: SINGLE (Groundball, 6MD, EV 108.1 MPH)
Batting: RHB Norman Ruíz 0-0: Swinging Strike
0-1: Called Strike
0-2: Ball
1-2: Foul Ball, location: 25F
1-2: Foul Ball, location: 2F
1-2: Ball
2-2: Fly out, F9 (Flyball, 89XD, EV 110.6 MPH)
Batting: RHB Arturo Torres 0-0: Ball
1-0: Foul Ball, location: 2F
1-1: Swinging Strike
1-2: Foul Ball, location: 3F
1-2: Foul Ball, location: 3DF
1-2: Ball
2-2: Ball
3-2: Strikes out swinging
Batting: RHB José Garza 0-0: Swinging Strike
0-1: Ball
1-1: Called Strike
1-2: Ground out 4-3 (Groundball, 4S, EV 84.4 MPH)
Top of the 3rd over - 0 runs, 1 hit, 0 errors, 1 left on base; Boston 4 - Minnesota 0
BOTTOM OF THE 3RD
Minnesota Twins batting - Pitching for Boston Red Sox : LHP José Ríos
Batting: RHB Rafael Lorenzo 0-0: Ball
1-0: Called Strike
1-1: Swinging Strike
1-2: Ball
2-2: Fly out, F8 (Flyball, 8LD, EV 100.0 MPH)
Batting: RHB Michael Crouss 0-0: Fly out, F6 (Popup, P, EV 81.9 MPH)
Batting: RHB Jamal Cervantes 0-0: Foul Ball, location: 2F
0-1: Called Strike
0-2: Ball
1-2: Strikes out looking
Bottom of the 3rd over - 0 runs, 0 hits, 0 errors, 0 left on base; Boston 4 - Minnesota 0
TOP OF THE 4TH
Boston Red Sox batting - Pitching for Minnesota Twins : LHP Jake Meacha
Batting: RHB Clay Campeau 0-0: Fly out, F8 (Line Drive, 8RD, EV 103.8 MPH)
Batting: RHB Pedro Maldonado 0-0: Called Strike
0-1: Ball
1-1: Ball
2-1: Foul Ball, location: 2F
2-2: Ball
3-2: Fly out, F8 (Flyball, 89D, EV 110.6 MPH)
Batting: SHB Tracy Bryant 0-0: Called Strike
0-1: Ball
1-1: Foul Ball, location: 2F
1-2: Ball
2-2: Fly out, F8 (Flyball, 8LS, EV 88.1 MPH)
Top of the 4th over - 0 runs, 0 hits, 0 errors, 0 left on base; Boston 4 - Minnesota 0
BOTTOM OF THE 4TH
Minnesota Twins batting - Pitching for Boston Red Sox : LHP José Ríos
Batting: LHB Geoffrey Foster 0-0: Ground out 4-3 (Groundball, 4, EV 108.8 MPH)
Batting: RHB Rafael Negrete 0-0: Ball
1-0: Called Strike
1-1: Ball
2-1: Fly out, F9 (Flyball, 9, EV 92.5 MPH)
Batting: SHB Alfredo Aguirre 0-0: Ball
1-0: Foul Ball, location: 9LDF
1-1: Foul Ball, location: 3SF
1-2: Foul Ball, location: 2F
1-2: Foul Ball, location: 3SF
1-2: Fly out, F7 (Flyball, 78D, EV 87.5 MPH)
Bottom of the 4th over - 0 runs, 0 hits, 0 errors, 0 left on base; Boston 4 - Minnesota 0
TOP OF THE 5TH
Boston Red Sox batting - Pitching for Minnesota Twins : LHP Jake Meacha
Batting: RHB Tony Pacheco 0-0: Ball
1-0: Foul Ball, location: 9LDF
1-1: Ball
2-1: Swinging Strike
2-2: Fly out, F4 (Line Drive, 4, EV 62.5 MPH)
Batting: RHB Dwight Vogel 0-0: Ball
1-0: Ball
2-0: Ground out 6-3 (Groundball, 6, EV 81.9 MPH)
Batting: RHB Juan Mendoza 0-0: Ball
1-0: Ball
2-0: Called Strike
2-1: SINGLE (Line Drive, 8RS, EV 108.1 MPH)
Batting: RHB Norman Ruíz 0-0: Fly out, F4 (Popup, 13S, EV 81.3 MPH)
Top of the 5th over - 0 runs, 1 hit, 0 errors, 1 left on base; Boston 4 - Minnesota 0
BOTTOM OF THE 5TH
Minnesota Twins batting - Pitching for Boston Red Sox : LHP José Ríos
Batting: RHB Ronald Livingston 0-0: Ball
1-0: Ball
2-0: SINGLE (Line Drive, 34, EV 100.0 MPH)
Batting: LHB António Sandoval 0-0: Foul Ball, location: 2F
0-1: Foul Ball, location: 7LDF
0-2: Ball
1-2: Grounds into double play, 4-6-3 (Groundball, 34, EV 83.8 MPH)
Batting: RHB Britt Clark 0-0: Ball
1-0: Ball
2-0: Ground out 6-3 (Groundball, 6, EV 106.3 MPH)
Bottom of the 5th over - 0 runs, 1 hit, 0 errors, 0 left on base; Boston 4 - Minnesota 0
TOP OF THE 6TH
Boston Red Sox batting - Pitching for Minnesota Twins : LHP Jake Meacha
Batting: RHB Arturo Torres 0-0: Ball
1-0: Ball
2-0: Hit by Pitch
Pitching: RHP Manuel Ramírez
Batting: RHB José Garza 0-0: Called Strike
0-1: Ball
1-1: Ball
2-1: Fly out, F9 (Flyball, 9S, EV 86.3 MPH)
Batting: RHB Clay Campeau 0-0: Ball
1-0: Ball
Arturo Torres steals 2nd base
2-0: Ground out 5-3 (Groundball, 5, EV 81.3 MPH)
Batting: RHB Pedro Maldonado 0-0: Ball
1-0: SINGLE (Line Drive, 9LS, EV 110.6 MPH)
Arturo Torres to third
Batting: SHB Tracy Bryant 0-0: Foul Ball, location: 2F
0-1: Ball
1-1: Swinging Strike
1-2: Foul Ball, location: 25F
1-2: Strikes out looking
Top of the 6th over - 0 runs, 1 hit, 0 errors, 2 left on base; Boston 4 - Minnesota 0
BOTTOM OF THE 6TH
Minnesota Twins batting - Pitching for Boston Red Sox : LHP José Ríos
Batting: RHB Rafael Lorenzo 0-0: DOUBLE (Line Drive, 9LM, EV 91.9 MPH)
Batting: RHB Michael Crouss 0-0: Ball
1-0: Foul Ball, location: 7LSF
1-1: Ball
2-1: Ground out 5-3 (Groundball, 5, EV 108.8 MPH)
Batting: RHB Jamal Cervantes 0-0: Called Strike
0-1: Foul Ball, location: 9LDF
0-2: Foul Ball, location: 25F
0-2: Fly out, F6 (Line Drive, 6, EV 65.0 MPH)
Batting: LHB Geoffrey Foster 0-0: Ball
1-0: Foul Ball, location: 3FF
1-1: Ball
2-1: Fly out, F9 (Flyball, 9, EV 99.4 MPH)
Bottom of the 6th over - 0 runs, 1 hit, 0 errors, 1 left on base; Boston 4 - Minnesota 0
TOP OF THE 7TH
Boston Red Sox batting - Pitching for Minnesota Twins : RHP Manuel Ramírez
Batting: RHB Tony Pacheco 0-0: Called Strike
0-1: Ball
1-1: Ground out 4-3 (Groundball, 4, EV 84.4 MPH)
Batting: RHB Dwight Vogel 0-0: Ball
1-0: Ball
2-0: Foul Ball, location: 2F
2-1: Swinging Strike
2-2: Foul Ball, location: 5F
2-2: Ball
3-2: Strikes out swinging
Batting: RHB Juan Mendoza 0-0: Swinging Strike
0-1: Foul Ball, location: 2F
0-2: Ball
1-2: Fly out, F8 (Flyball, 8LXD, EV 108.1 MPH)
Top of the 7th over - 0 runs, 0 hits, 0 errors, 0 left on base; Boston 4 - Minnesota 0
BOTTOM OF THE 7TH
Minnesota Twins batting - Pitching for Boston Red Sox : LHP José Ríos
Batting: RHB Rafael Negrete 0-0: Ground out 6-3 (Groundball, 6, EV 85.0 MPH)
Batting: SHB Alfredo Aguirre 0-0: Foul Ball, location: 2F
0-1: Fly out, F9 (Flyball, 89S, EV 96.9 MPH)
Batting: RHB Ronald Livingston 0-0: Ball
1-0: Swinging Strike
1-1: Called Strike
1-2: Fly out, F6 (Popup, 6MS, EV 61.3 MPH)
Bottom of the 7th over - 0 runs, 0 hits, 0 errors, 0 left on base; Boston 4 - Minnesota 0
TOP OF THE 8TH
Boston Red Sox batting - Pitching for Minnesota Twins : RHP Manuel Ramírez
Pitching: RHP Feltse Boon
Batting: RHB Norman Ruíz 0-0: Ball
1-0: Called Strike
1-1: Ball
2-1: Foul Ball, location: 25FF
2-2: Fly out, F8 (Line Drive, 8RD, EV 105.0 MPH)
Batting: RHB Arturo Torres 0-0: Fly out, F3 (Popup, 3S, EV 83.1 MPH)
Batting: RHB José Garza 0-0: Called Strike
0-1: Swinging Strike
0-2: Ball
1-2: Foul Ball, location: 2F
1-2: Strikes out swinging
Top of the 8th over - 0 runs, 0 hits, 0 errors, 0 left on base; Boston 4 - Minnesota 0
BOTTOM OF THE 8TH
Minnesota Twins batting - Pitching for Boston Red Sox : LHP José Ríos
Pitching: RHP Maarten Buys
Batting: LHB António Sandoval 0-0: Called Strike
0-1: Ball
1-1: SINGLE (Groundball, 6D, EV 105.0 MPH)
Pinch Hitting: LHB Leandro Vargo 0-0: Foul Ball, location: 2F
0-1: Ball
1-1: Ball
2-1: Ball
3-1: Called Strike
3-2: Base on Balls
António Sandoval to second
Pitching: RHP Jung-choon Park
Pinch Hitting: LHB Ignacio Chávez 0-0: Called Strike
0-1: Fly out, F6 (Popup, 6MD, EV 60.6 MPH)
Batting: RHB Michael Crouss 0-0: Ball
1-0: Ball
2-0: Ball
3-0: Swinging Strike
3-1: Fielders Choice at 2nd, 6-4 (Groundball, 6MD, EV 107.5 MPH)
António Sandoval to third
Batting: RHB Jamal Cervantes 0-0: Called Strike
0-1: Ball
1-1: Swinging Strike
1-2: Strikes out swinging
Bottom of the 8th over - 0 runs, 1 hit, 0 errors, 2 left on base; Boston 4 - Minnesota 0
TOP OF THE 9TH
Boston Red Sox batting - Pitching for Minnesota Twins : RHP Feltse Boon
Now at 2B: Alfredo Aguirre
Now at SS: Jamal Cervantes
Now in LF: Ignacio Chávez
Now in RF: Leandro Vargo
Pinch Hitting: LHB Howard Burton 0-0: Called Strike
0-1: Ball
1-1: Ball
2-1: Ground out 3-1 (Groundball, 34, EV 78.1 MPH)
Batting: RHB Pedro Maldonado 0-0: Ball
1-0: Called Strike
1-1: Swinging Strike
1-2: Strikes out looking
Batting: SHB Tracy Bryant 0-0: Fly out, F9 (Flyball, 9D, EV 96.9 MPH)
Top of the 9th over - 0 runs, 0 hits, 0 errors, 0 left on base; Boston 4 - Minnesota 0
BOTTOM OF THE 9TH
Minnesota Twins batting - Pitching for Boston Red Sox : RHP Jung-choon Park
Now at C: Carlos Puente
Batting: LHB Geoffrey Foster 0-0: Foul Ball, location: 5F
0-1: SINGLE (Groundball, 34D, EV 110.0 MPH) (infield hit)
Batting: RHB Rafael Negrete 0-0: Ball
1-0: Ball
2-0: Foul Ball, location: 2F
2-1: Fly out, F9 (Flyball, 89M, EV 81.3 MPH)
Batting: SHB Alfredo Aguirre 0-0: Foul Ball, location: 7LMF
0-1: Ball
1-1: Ball
2-1: Ball
3-1: Called Strike
3-2: Base on Balls
Geoffrey Foster to second
Batting: RHB Ronald Livingston 0-0: Ball
1-0: Grounds into double play, 6-4-3 (Groundball, 6, EV 88.8 MPH)
Bottom of the 9th over - 0 runs, 1 hit, 0 errors, 1 left on base; Boston 4 - Minnesota 0
Wednesday, May 1st , 2024 - OOTP Baseball 24.10 Build 82